 Dungeon Crawl Stone Soup version 0.20.1-1-g8b1a95d (webtiles) character file.

67 Folque the Magician (level 4, -3/29 HPs)
             Began as an Octopode Wizard on Nov 10, 2017.
             Killed by nerve-wracking pain
             ... invoked by an orc priest
              (13 damage)
             ... on level 3 of the Dungeon.
             The game lasted 00:05:18 (2437 turns).

Folque the Magician (Octopode Wizard)               Turns: 2437, Time: 00:05:19

Health: -3/29      AC:  1    Str:  6    XL:     4   Next: 16%
Magic:  0/9        EV: 13    Int: 21    God:
Gold:   88         SH:  0    Dex: 10    Spells: 1/9 levels left

rFire    . . .     SeeInvis .   o - +0 falchion
rCold    . . .     Gourm    .   (no shield)
rNeg     . . .     Faith    .   a - +0 hat
rPois    .         Spirit   .   (no amulet)
rElec    .         Reflect  .   (no ring)
rCorr    .         Harm     .   (no ring)
MR       .....                  (no ring)
Stlth    +++.......             (no ring)
Regen    0.1/turn               (no ring)
MPRegen  0.2/turn               (no ring)
                                (no ring)
                                (no ring)

@: lethally poisoned (-3 -> -5)
A: almost no armour, stealthy swim, amphibious, 8 rings, constrict 8, camouflage
1, gelatinous body 1
a: no special abilities


You were on level 3 of the Dungeon.
You were not hungry.

You visited 1 branch of the dungeon, and saw 3 of its levels.

You collected 88 gold pieces.

Inventory:

Hand Weapons
 e - a +0 short sword
 j - a cursed -2 dagger
 o - a +0 falchion (weapon)
 r - a +2 dagger of speed
Missiles
 k - a throwing net (quivered)
Armour
 a - a +0 hat (worn)
Jewellery
 h - a cursed ring of teleportation {unknown}
Scrolls
 i - a scroll of enchant armour {unknown}
 p - a scroll of immolation {unknown}
Potions
 d - 2 potions of flight {unknown}
 g - a potion of heal wounds {unknown}
 l - a potion of curing {unknown}
 m - a potion of cancellation {unknown}
 q - a potion of haste {unknown}
Books
 b - a book of Minor Magic

   Spells                             Type                      Level
   a - Magic Dart                     Conjuration                  1
   b - Blink                          Translocation                2
   c - Call Imp                       Summoning                    2
   d - Slow                           Hexes                        2
   e - Conjure Flame                  Conjuration/Fire             3
   f - Mephitic Cloud                 Conjuration/Poison/Air       3
Comestibles
 c - 3 bread rations
 f - a royal jelly
 n - a chunk of flesh


   Skills:
 - Level 2.0 Fighting
 - Level 2.0 Dodging
 - Level 2.6 Stealth
 + Level 3.4 Spellcasting
 + Level 1.8 Conjurations
 - Level 1.0 Summonings
 - Level 1.0 Translocations
 * Level 1.7 Poison Magic


You had one spell level left.
You knew the following spells:

 Your Spells              Type           Power        Failure   Level  Hunger
a - Magic Dart            Conj           ##..         6%          1    None
b - Call Imp              Summ           #.......     13%         2    ##.....
c - Blink                 Tloc           N/A          13%         2    ##.....
d - Mephitic Cloud        Conj/Pois/Air  #.......     24%         3    ###....


Dungeon Overview and Level Annotations

Branches:
Dungeon (3/15)

Altars:


Innate Abilities, Weirdness & Mutations

You cannot wear most types of armour.
You are very stealthy in the water. (Stealth+)
You are amphibious.
You can wear up to eight rings at the same time.
You can use your tentacles to constrict eight enemies at once.
Your skin changes colour to match your surroundings (Stealth+).
Your rubbery body absorbs attacks. (AC +1, EV +1)


Message History

The magic dart hits the orc priest.
The orc priest is heavily wounded.
You feel sick.
The adder seems less confused.
Your crimson imp hits the orc priest.
You see here a poisoned needle.
You hit the orc priest but do no damage.
Your grab misses the orc priest.
The orc priest is heavily wounded.
The orc priest hits you.
Your crimson imp hits the orc priest but does no damage.
You barely miss the orc priest. You grab the orc priest.
The orc priest is heavily wounded.
You constrict the orc priest, but do no damage.
The orc priest mumbles some strange prayers to Beogh against you.
You barely resist.
Your crimson imp blinks!
The adder closely misses you.
The orc priest invokes the aid of Beogh against you.
Pain shoots through your body!
You die...

#.....###.# #..#
#.....# #.## #..#
#...... #..# #..#####
#......###.###..#...#
#..##..#5..#
##.##..#...#
#..#(.#...#
##.#).#ยง..#
#.#..@o..+
#.#..#S(.##
#.........#
##.#.#....#
#####...#....#
#...)......#...
#.......(..#####
#..........#
#..........+


You could see an orc priest, an adder and a friendly crimson imp.

Vanquished Creatures
  2 gnolls (D:2)
  An orc (D:3)
  4 bats
  5 giant cockroaches
  4 goblins
  6 hobgoblins
  3 jackals (D:1)
  A frilled lizard (D:2)
  7 kobolds
  4 rats
37 creatures vanquished.

Vanquished Creatures (collateral kills)
  An adder (D:2)
1 creature vanquished.

Grand Total: 38 creatures vanquished

Notes
Turn   | Place    | Note
-------+----------+-------------------------------------------
     0 | D:1      | Folque the Octopode Wizard began the quest for the Orb.
     0 | D:1      | Reached XP level 1. HP: 11/11 MP: 4/4
   315 | D:1      | Reached skill level 1 in Fighting
   371 | D:1      | Reached XP level 2. HP: 17/18 MP: 6/6
   389 | D:1      | Learned a level 2 spell: Call Imp
   392 | D:1      | Learned a level 2 spell: Blink
  1158 | D:2      | Reached XP level 3. HP: 21/24 MP: 1/7
  1163 | D:2      | Learned a level 3 spell: Mephitic Cloud
  1643 | D:2      | Reached skill level 1 in Poison Magic
  1941 | D:2      | Reached XP level 4. HP: 25/29 MP: 9/9
  2437 | D:3      | Killed from afar by an orc priest

Skill      XL: |  1  2  3 |
---------------+----------+-----
Fighting       | 1 2 |  2.0
Poison Magic   | 1 |  1.7
Dodging        | |  2.0
Stealth        | |  2.6
Spellcasting   | |  3.4
Conjurations   | |  1.8
Summonings     | |  1.0
Translocations | |  1.0

Action                   |  1- 3 |  4- 6 || total
-------------------------+-------+-------++-------
Melee: Short sword       |    57 |       ||    57
       Constrict         |    23 |     7 ||    30
       Unarmed           |     4 |       ||     4
       Tentacles         |     7 |     2 ||     9
       Falchion          |    15 |    16 ||    31
 Cast: Call Imp          |     4 |     1 ||     5
       Magic Dart        |     2 |     2 ||     4
       Mephitic Cloud    |     1 |     2 ||     3
       Blink             |       |     1 ||     1
 Stab: Sleeping          |     5 |     2 ||     7
       Confused          |     1 |       ||     1
  Eat: Chunk             |     4 |     1 ||     5
Armor: Skin              |     9 |     2 ||    11
Dodge: Dodged            |    50 |    11 ||    61
       Rpst.: Falchion   |     3 |     5 ||     8
